 Dungeon Sprint DCSS version 0.26-a0-1021-gda264ca44c (webtiles) character file.

Game seed: 16884380230451275185

4038 mhtbhm the Carver (level 10, -7/96 HPs)
             Began as a Pale Draconian Fighter on Dec 8, 2020.
             Was a High Priest of Okawaru.
             Mangled by an eight-headed hydra (9 damage)
             ... in the Dungeon (Sprint IX: "|||||||||||||||||||||||||||||").
             The game lasted 00:02:26 (1691 turns).

mhtbhm the Carver (Pale Draconian Fighter)          Turns: 1691, Time: 00:02:27

Health: -7/96      AC: 11    Str: 21    XL:     10   Next: 4%
Magic:  11/11      EV: 19    Int:  8    God:    Okawaru [*****.]
Gold:   0          SH: 12    Dex: 12    Spells: 9/9 levels left

rFire    . . .     SeeInvis .   a - +2 scimitar (vorpal)
rCold    . . .     Faith    .   b - +0 kite shield
rNeg     . . .     Spirit   .   (armour unavailable)
rPois    .         Reflect  .   (helmet restricted)
rElec    .         Harm     .   m - +0 cloak
rCorr    .         Rampage  .   n - +0 pair of gloves
Will     .....     NoTele   +   (no boots)
Stlth    +++.......             (no amulet)
HPRegen  0.26/turn              o - +2 ring of evasion
MPRegen  0.12/turn              p - +2 ring of protection

@: short of breath
A: breathe steam, unfitting armour, cold-blooded, AC +7
a: Breathe Steam, Heroism, Finesse, Renounce Religion


You were in the Dungeon.
You worshipped Okawaru.
Okawaru was extremely pleased with you.
You visited 1 branch

Inventory:

Hand Weapons
 a - a +2 vorpal scimitar (weapon)
Armour
 b - a +0 kite shield (worn)
 m - a +0 cloak (worn)
 n - a +0 pair of gloves (worn)
Jewellery
 o - a +2 ring of evasion (left hand)
 p - a +2 ring of protection (right hand)
Wands
 l - a wand of iceblast (9)
Scrolls
 i - 3 scrolls of blinking
 j - 3 scrolls of remove curse
 k - 2 scrolls of amnesia
 r - a scroll of fog
 s - 2 scrolls of identify
 t - 2 scrolls of enchant armour
Potions
 c - a potion of might
 d - 7 potions of curing
 e - 3 potions of heal wounds
 f - a potion of haste
 g - 4 potions of magic
 h - 2 potions of brilliance


   Skills:
 + Level 11.6 Fighting
 + Level 13.8 Long Blades
 + Level 10.7 Dodging
 + Level 4.3 Stealth
 + Level 10.5 Shields
 + Level 1.6 Invocations
 + Level 1.6 Evocations


You had 9 spell levels left.
You didn't know any spells.
Your spell library was empty.

Dungeon Overview and Level Annotations

Branches:
Dungeon (1/1)

Altars:
Cheibriados
Dithmenos
Elyvilon
Fedhas
Gozag
Hepliaklqana
Kikubaaqudgha
Makhleb
Nemelex Xobeh
Okawaru
Qazlal
Ru
Sif Muna
Trog
Uskayaw
Vehumet
Wu Jian
Xom
Yredelemnul
Zin
The Shining One
Beogh
Jiyva
Lugonu


Innate Abilities, Weirdness & Mutations

You can breathe blasts of scalding, opaque steam.
Your pale cyan-grey scales are hard. (AC +7)
You cannot fit into any form of body armour.
You are cold-blooded and may be slowed by cold attacks.


Message History

The seven-headed hydra bites you! The seven-headed hydra misses you.
The seven-headed hydra bites you!
You block the seven-headed hydra's attack.
The seven-headed hydra bites you!
You block the seven-headed hydra's attack.
The seven-headed hydra bites you!
You chop one of the seven-headed hydra's heads off!
The six-headed hydra grows two more!
You slash the eight-headed hydra!
The eight-headed hydra is almost dead.
The eight-headed hydra bites you!
* * * LOW HITPOINT WARNING * * *
The eight-headed hydra bites you.
* * * LOW HITPOINT WARNING * * *
You block the eight-headed hydra's attack.
The eight-headed hydra bites you!
* * * LOW HITPOINT WARNING * * *
The eight-headed hydra bites you.
* * * LOW HITPOINT WARNING * * *
The eight-headed hydra bites you!
You die...

▓_▓.▓÷▓
▓_▓.▓.▓
▓_▓.▓.▓
▓_▓.▓†▓
▓_▓.▓.▓
▓_▓.▓.▓
▓_▓.▓'▓
▓_▓.▓†▓
▓_▓.▓@▓
▓_▓.▓D▓
▓_▓.▓§▓
▓_▓.▓§▓
▓_▓.▓.▓
▓_▓.▓.▓
▓_▓.▓.▓
▓_▓.▓.▓
▓'▓.▓


You could see an eight-headed hydra.

Vanquished Creatures
  2 manticores (D)
  A black mamba (D)
  4 cane toads (D)
  2 komodo dragons (D)
  A tengu conjurer (D)
  A wyvern (D)
  A wraith (D)
  2 yaks (D)
  A basilisk (D)
  2 water moccasins (D)
  An orc warrior (D)
  A sky beast (D)
  A wolf (D)
  A centaur (D)
  3 bullfrogs (D)
  A killer bee (D)
  An iguana (D)
  An adder (D)
  A shadow imp (D)
  An ufetubus (D)
  A bat skeleton (D)
  A giant cockroach (D)
  A goblin (D)
  A jackal (D)
  A quokka (D)
  A frilled lizard (D)
  A jackal zombie (D)
  2 kobolds (D)
  A rat (D)
39 creatures vanquished.

Notes
Turn   | Place    | Note
-------+----------+-------------------------------------------
     0 | D        | mhtbhm the Draconian Fighter began the quest for the Orb.
     0 | D        | Reached XP level 1. HP: 19/19 MP: 1/1
   272 | D        | Noticed a sky beast
   276 | D        | Reached XP level 2. HP: 28/28 MP: 2/2
   286 | D        | Killed a sky beast
   287 | D        | Reached skill level 4 in Long Blades
   287 | D        | Reached skill level 5 in Dodging
   287 | D        | Reached skill level 5 in Shields
   287 | D        | Reached XP level 3. HP: 4/37 MP: 3/3
   287 | D        | Reached XP level 4. HP: 5/44 MP: 4/4
   291 | D        | HP: 2/44 [poisoned by an adder]
   572 | D        | Found a roughly hewn altar of Beogh.
   572 | D        | Found a snail-covered altar of Cheibriados.
   572 | D        | Found a shadowy altar of Dithmenos.
   572 | D        | Found a white marble altar of Elyvilon.
   572 | D        | Found a blossoming altar of Fedhas.
   572 | D        | Found an opulent altar of Gozag.
   573 | D        | Found a hazy altar of Hepliaklqana.
   574 | D        | Found a viscous altar of Jiyva.
   575 | D        | Found an ancient bone altar of Kikubaaqudgha.
   576 | D        | Found a corrupted altar of Lugonu.
   577 | D        | Found a burning altar of Makhleb.
   578 | D        | Found a sparkling altar of Nemelex Xobeh.
   579 | D        | Found an iron altar of Okawaru.
   580 | D        | Found a stormy altar of Qazlal.
   581 | D        | Found a sacrificial altar of Ru.
   582 | D        | Found a shimmering blue altar of Sif Muna.
   583 | D        | Found a bloodstained altar of Trog.
   584 | D        | Found a hide-covered altar of Uskayaw.
   585 | D        | Found a radiant altar of Vehumet.
   586 | D        | Found an ornate altar of the Wu Jian Council.
   587 | D        | Became a worshipper of Warmaster Okawaru
   588 | D        | Found a shimmering altar of Xom.
   589 | D        | Found a basalt altar of Yredelemnul.
   590 | D        | Found a glowing silver altar of Zin.
   591 | D        | Found a glowing golden altar of the Shining One.
   634 | D        | Noticed a centaur
   640 | D        | Killed a centaur
   641 | D        | Reached skill level 5 in Long Blades
   641 | D        | Reached XP level 5. HP: 42/52 MP: 5/5
   652 | D        | Reached skill level 6 in Long Blades
   658 | D        | Reached XP level 6. HP: 24/61 MP: 6/6
   943 | D        | Noticed an orc warrior
   943 | D        | Noticed a tengu conjurer
   943 | D        | Noticed a manticore
   943 | D        | Noticed a manticore
   943 | D        | Noticed a wraith
   947 | D        | Killed an orc warrior
   947 | D        | Reached * piety under Okawaru
   948 | D        | Reached skill level 7 in Long Blades
   958 | D        | Killed a tengu conjurer
   958 | D        | Reached ** piety under Okawaru
   962 | D        | Killed a manticore
   963 | D        | Reached skill level 8 in Long Blades
   963 | D        | Reached skill level 1 in Stealth
  1171 | D        | Killed a manticore
  1171 | D        | Reached *** piety under Okawaru
  1172 | D        | Reached skill level 9 in Long Blades
  1172 | D        | Your scales start taking on a pale cyan-grey colour.
  1172 | D        | Reached XP level 7. HP: 53/70 MP: 7/7
  1176 | D        | Killed a wraith
  1177 | D        | Reached skill level 10 in Long Blades
  1177 | D        | Reached XP level 8. HP: 60/78 MP: 8/8
  1400 | D        | Noticed a cane toad
  1400 | D        | Noticed a cane toad
  1400 | D        | Noticed a komodo dragon
  1406 | D        | Killed a cane toad
  1406 | D        | Reached **** piety under Okawaru
  1407 | D        | Reached skill level 10 in Fighting
  1407 | D        | Reached skill level 11 in Long Blades
  1408 | D        | Reached skill level 1 in Invocations
  1408 | D        | Killed a cane toad
  1409 | D        | Reached skill level 1 in Evocations
  1614 | D        | Reached skill level 12 in Long Blades
  1614 | D        | Reached XP level 9. HP: 74/86 MP: 9/9
  1615 | D        | Killed a komodo dragon
  1664 | D        | Noticed a komodo dragon
  1664 | D        | Noticed a cane toad
  1664 | D        | Noticed a black mamba
  1668 | D        | Killed a cane toad
  1668 | D        | Reached ***** piety under Okawaru
  1669 | D        | Reached skill level 10 in Dodging
  1670 | D        | Killed a komodo dragon
  1671 | D        | Reached skill level 13 in Long Blades
  1671 | D        | Reached skill level 10 in Shields
  1672 | D        | Killed a black mamba
  1672 | D        | Noticed a six-headed hydra
  1674 | D        | Noticed a cane toad
  1687 | D        | Killed a cane toad
  1688 | D        | Reached XP level 10. HP: 96/96 MP: 11/11
  1691 | D        | HP: 2/96 [eight-headed hydra (5)]
  1691 | D        | Mangled by an eight-headed hydra

Illustrated notes

Levels and vault maps discovered:
D:        linesprint [early_d, line_temple, items_1, d_10, items_2, lair_1,
          lair_end, items_3, orc_1, orc_end, items_4, d_15, swamp_1, shoals_1,
          snake_1, spider_1, d_20, vaults_1, items_5, swamp_end, shoals_end,
          snake_end, spider_end, vaults_end, d_27, items_6, zot_1, zot_end,
          crypt_end, forest_end, elf_end, slime_end, tomb_end, abyss_end,
          pan_hell_end]

Skill      XL: |  1  2  3  4  5  6  7  8  9 |
---------------+----------------------------+-----
Dodging        | 3 5 6 8 9 10 | 10.7
Fighting       | 4 6 7 9 10 11 | 11.6
Long Blades    | 4 5 6 9 10 12 13 | 13.8
Shields        | 5 6 8 9 10 | 10.5
Stealth        | 2 3 4 |  4.3
Invocations    | 1 |  1.6
Evocations     | 1 |  1.6

Action                   |  1- 3 |  4- 6 |  7- 9 | 10-12 || total
-------------------------+-------+-------+-------+-------++-------
Melee: Long sword        |    28 |     3 |       |       ||    31
       Tailslap          |     1 |     6 |     7 |     1 ||    15
       Scimitar          |       |    44 |    41 |     3 ||    88
Invok: Heroism           |       |     1 |       |       ||     1
 Abil: Breathe Steam     |       |       |     4 |     1 ||     5
Evoke: Wand              |       |     1 |       |       ||     1
  Use: Potion            |     1 |     3 |       |       ||     4
 Stab: Invisible         |       |     1 |       |       ||     1
Armor: Skin              |     4 |    10 |     3 |     1 ||    18
Dodge: Dodged            |     6 |    44 |    17 |     5 ||    72
Block: Kite shield       |    11 |    32 |    12 |     7 ||    62
       Rpst.: Long sword |     1 |     2 |       |       ||     3
       Scimitar          |       |    12 |     6 |       ||    18

Table legend: (Time is in decaauts)
 A = Elapsed time spent in this place.
 B = Non-inter-level travel time spent in this place.
 C = Inter-level travel time spent in this place.
 D = Time resting spent in this place.
 E = Time spent auto-exploring this place.
 F = Levels seen in this place.
 G = Mean time per level.
                   A        B        C        D        E       F      G
               +--------+--------+--------+--------+--------+-----+--------+
         Total |   1706 |   1706 |      0 |   1295 |    122 |   1 | 1706.0 |
       Dungeon |   1706 |   1706 |      0 |   1295 |    122 |   1 | 1706.0 |
               +--------+--------+--------+--------+--------+-----+--------+

Top non-repeatable levels by time:
       D: 1706 daAuts
